 Dungeon Crawl Stone Soup version 0.28.0-1-gb440e238dd (webtiles) character file.

Game seed: 5349060853145906987

427 pkoi the Gusty (level 6, -3/45 HPs)
             Began as a Draconian Air Elementalist on Feb 27, 2022.
             Killed by divine providence
             ... invoked by an orc priest
              (13 damage)
             ... on level 4 of the Dungeon.
             The game lasted 00:06:36 (6517 turns).

pkoi the Gusty (Draconian Air Elementalist)         Turns: 6517, Time: 00:06:36

Health: -3/45      AC:  6    Str: 10    XL:     6   Next: 65%
Magic:  0/9        EV: 12    Int: 18    God:
Gold:   128        SH:  5    Dex: 11    Spells: 1/9 levels left

rFire   . . .      SeeInvis .   a - +0 club
rCold   + . .      Faith    .   (no shield)
rNeg    . . .      Spirit   .   (armour unavailable)
rPois   .          Reflect  +   (helmet restricted)
rElec   .          Harm     .   (no cloak)
rCorr   .          Rampage  .   (no gloves)
Will    .....                   (no boots)
Stlth   ++........              q - amulet of reflection
HPRegen 0.15/turn               v - ring of wizardry
MPRegen 0.11/turn               s - ring of protection from cold

@: no status effects
A: AC +6, unfitting armour, cold-blooded
a: no special abilities


You were on level 4 of the Dungeon.
You visited 1 branch of the dungeon, and saw 4 of its levels.
You also visited: Ossuary.

You collected 128 gold pieces.

Inventory:

Hand Weapons
 a - a +0 club (weapon)
Missiles
 o - 5 poisoned darts
Jewellery
 i - a ring of willpower
 q - an amulet of reflection (around neck)
 s - a ring of protection from cold (right hand)
 v - a ring of wizardry (left hand)
 w - an amulet of faith
 C - a ring of positive energy
Scrolls
 c - a scroll of teleportation
 f - 3 scrolls of magic mapping {unknown}
 l - 2 scrolls of fog {unknown}
 n - a scroll of blinking {unknown}
 p - 2 scrolls of identify {unknown}
 r - a scroll of vulnerability {unknown}
 t - a scroll of silence {unknown}
 u - 2 scrolls of amnesia {unknown}
 y - a scroll of fear {unknown}
 B - a scroll of brand weapon {unknown}
Potions
 b - 2 potions of lignification {unknown}
 d - a potion of heal wounds {unknown}
 e - a potion of cancellation {unknown}
 g - 2 potions of brilliance {unknown}
 h - 3 potions of curing {unknown}
 j - 7 potions of degeneration
 k - a potion of might {unknown}
 m - 2 potions of flight {unknown}
 x - 3 potions of mutation {unknown}
 z - a potion of magic {unknown}
 A - a potion of haste {unknown}


   Skills:
 - Level 1.7 Dodging
 - Level 1.7 Stealth
 - Level 2.0 Spellcasting
 - Level 1.0 Conjurations
 + Level 7.6 Air Magic


You had one spell level left.
You knew the following spells:

 Your Spells              Type           Power      Damage    Failure   Level
a - Shock                 Conj/Air       68%        1d7       1%          1
b - Swiftness             Air            29%        N/A       1%          3
c - Airstrike             Air            14%        N/A       3%          4

Your spell library contained the following spells:

 Spells                   Type           Power      Damage    Failure   Level
 Static Discharge         Conj/Air       17%        N/A       1%          2
 Ozocubu's Armour         Ice            1%         N/A       21%         3
 Metabolic Englaciation   Hex/Ice        0%         N/A       86%         5
 Simulacrum               Ice/Necr       0%         N/A       100%        6


Dungeon Overview and Level Annotations

Branches:
Dungeon (4/15)            Ossuary (visited)
 Temple: D:4-7

Altars:
Ashenzari
Cheibriados
Yredelemnul


Innate Abilities, Weirdness & Mutations

Your plain brown scales are hard. (AC +6)
You cannot fit into any form of body armour.
You are cold-blooded and may be slowed by cold attacks.


Message History

The zap hits the orc priest.
The orc priest is almost dead.
The zap hits the orc.
The orc is heavily wounded.
The zap hits the orc priest.
The orc priest is lightly wounded.
Aiming: Shock (safe; 1% risk of failure)
Press: ? - help, Q - select action, (/) - cycle Shift-Dir - straight line, f/p - orc priest
Aim: an orc priest, wielding a +0 war axe (almost dead, 71% to hit)
The zap hits the orc priest.
You kill the orc priest!
The zap hits the orc.
The orc is heavily wounded.
The zap hits the orc priest.
The orc priest is moderately wounded.
Aiming: Shock (safe; 1% risk of failure)
Press: ? - help, Q - select action, (/) - cycle Shift-Dir - straight line, f - orc
Aim: an orc, wielding a +0 whip (heavily wounded, 71% to hit)
The zap hits the orc.
The orc is severely wounded.
The zap hits the orc priest but does no damage.
The orc priest is moderately wounded.
Aiming: Shock (safe; 1% risk of failure)
Press: ? - help, Q - select action, (/) - cycle Shift-Dir - straight line, f/p - orc
Aim: an orc, wielding a +0 whip (severely wounded, 71% to hit)
The zap hits the orc.
You kill the orc!
The zap hits the orc priest but does no damage.
The orc priest is lightly wounded.
An orc wizard comes into view. It is wielding a +0 dagger.
The orc priest mumbles some strange prayers to Beogh against you.
Beogh smites you!
* * * LOW HITPOINT WARNING * * *
Unknown command.
The orc priest calls down the wrath of Beogh upon you.
Beogh smites you!
* * * LOW HITPOINT WARNING * * *
The orc priest mumbles some strange prayers to Beogh against you.
Beogh smites you!
You die...

...........#####.#
#...##
.......##........#
##...##
###....##....#####
##...## ############
##...# ##... #####
###. ########...## #.
########...........##
##
....o)...@...#####..#
# ..o........###
#..## ############
##..# #..## ##..####
#...... #......
#...... #......


You could see an orc priest and an orc wizard.

Vanquished Creatures
  2 centaur zombies (Ossuary)
  A hound (D:4)
  2 orc priests (D:4)
  An orc wizard (D:4)
  5 mummies (Ossuary)
  6 gnolls
  3 adders
  2 worms (D:2)
  3 dart slugs (D:2)
  3 orcs (D:4)
  4 endoplasms
  5 giant cockroaches
  2 gnoll zombies (Ossuary)
  7 goblins
  7 hobgoblins
  9 jackals
  7 kobolds
  6 quokkas
  7 ball pythons
  A bat (D:2)
  3 frilled lizards
  2 hobgoblin zombies (Ossuary)
  A kobold zombie (Ossuary)
  An orc zombie (Ossuary)
  2 rats
92 creatures vanquished.

Notes
Turn   | Place    | Note
-------+----------+-------------------------------------------
     0 | D:1      | pkoi the Draconian Air Elementalist began the quest for the
                  | Orb.
     0 | D:1      | Reached XP level 1. HP: 14/14 MP: 3/3
    24 | D:1      | Reached XP level 2. HP: 2/20 MP: 0/5
   501 | D:1      | Reached skill level 4 in Air Magic
   902 | D:1      | Reached XP level 3. HP: 26/26 MP: 0/6
  2078 | D:2      | Found a broken altar of Ashenzari.
  2115 | D:2      | Reached XP level 4. HP: 32/33 MP: 1/7
  2194 | D:2      | Reached skill level 5 in Air Magic
  3754 | D:3      | Learned a level 3 spell: Swiftness
  4232 | D:4      | Found a snail-covered altar of Cheibriados.
  4236 | D:4      | Found a broken altar of Ashenzari.
  4241 | D:4      | Found a basalt altar of Yredelemnul.
  4348 | D:4      | Found a sand-covered staircase.
  4455 | Ossuary  | Entered an ossuary
  4670 | Ossuary  | Reached XP level 5. HP: 38/38 MP: 2/8
  4725 | Ossuary  | Learned a level 4 spell: Airstrike
  4752 | Ossuary  | Reached skill level 6 in Air Magic
  5790 | D:4      | Reached XP level 6. HP: 41/45 MP: 4/9
  5848 | D:4      | Reached skill level 7 in Air Magic
  6517 | D:4      | Killed from afar by an orc priest

Illustrated notes

Levels and vault maps discovered:
D:1:      mrwooster_arrival_statue_2, layout_basic, minmay_pentomino_q4
D:2:      wander_river, layout_rooms, basic_altar, fountainhead
D:3:      layout_loops_ring
D:4:      layout_layer_cave, grunt_temple_overflow_open, enter_ossuary_2

Skill      XL: |  1  2  3  4  5  6 |
---------------+-------------------+-----
Air Magic      | 4 5 6 7 |  7.6
Dodging        | |  1.7
Stealth        | |  1.7
Spellcasting   | |  2.0
Conjurations   | |  1.0

Action                   |  1- 3 |  4- 6 || total
-------------------------+-------+-------++-------
Melee: Unarmed           |     6 |       ||     6
       Tailslap          |     5 |     5 ||    10
       Club              |    19 |    57 ||    76
 Cast: Shock             |    68 |   174 ||   242
  Use: Scroll            |       |     3 ||     3
Armor: Skin              |     9 |    42 ||    51
Dodge: Dodged            |    17 |    62 ||    79
Block: Other             |       |    15 ||    15
